Map: Ephemeron LE

Players

Mortlock - Winner!

  • Race: Protoss Protoss
  • League: Gold
  • Spawn Location: 5:00

A.I. 1 (Hard)

  • Race: Protoss Protoss
  • Spawn Location: 11:00

VOD

Have the link to the VOD?

Description

Time

  • Played on: Jan. 17, 2020, 7:55 p.m.
  • Length: 14:09
Show
View Real Time Build Order
Export as new Build Order

Mortlock Protoss - Winner!

Build Orders:  

Get SALT Encoding   

  12  0:01  Probe  
  13  0:13  Probe  
  14  0:17  Pylon  
  14  0:25  Probe  
  15  0:37  Probe  
  15  0:39  Gateway  
  16  0:45  Assimilator  
  16  0:49  Probe (Chrono Boost)  
  17  0:59  Probe (Chrono Boost)  
  18  1:04  Probe (Chrono Boost)  
  19  1:15  Gateway  
  19  1:16  Probe  
  20  1:27  Cybernetics Core  
  20  1:28  Probe (Chrono Boost)  
  21  1:33  Assimilator  
  22  1:40  Probe (Chrono Boost)  
  22  1:45  Probe (Chrono Boost)  
  23  1:58  Pylon  
  23  2:16  Stalker x2  
  23  2:17  Probe (Chrono Boost)  
  28  2:28  Probe (Chrono Boost)  
  29  2:34  Probe (Chrono Boost)  
  29  2:36  Nexus  
  30  2:41  Warp Gate  
  30  2:43  Probe  
  31  3:01  Pylon  
  31  3:07  Pylon  
  31  3:19  Probe, Stalker x2  
  36  3:31  Probe  
  37  3:43  Probe (Chrono Boost)  
  38  3:49  Stalker x2  
  38  3:52  Robotics Facility  
  38  3:53  Probe (Chrono Boost)  
  44  3:55  Probe (Chrono Boost)  
  45  4:03  Probe x2 (Chrono Boost)  
  46  4:10  Probe  
  46  4:13  Probe  
  48  4:19  Stalker x2  
  48  4:23  Probe  
  53  4:25  Probe  
  54  4:32  Pylon  
  54  4:38  Nexus  
  54  4:46  Assimilator  
  54  4:47  Probe (Chrono Boost)  
  54  4:49  Assimilator  
  54  4:52  Probe (Chrono Boost)  
  56  4:56  Observer  
  56  4:57  Probe (Chrono Boost)  
  59  5:00  Probe (Chrono Boost), Stalker x2  
  63  5:09  Probe  
  63  5:11  Probe  
  65  5:21  Probe  
  65  5:23  Probe  
  67  5:34  Probe  
  67  5:35  Probe  
  61  5:59  Stalker x2  
  61  6:01  Probe x2  
  61  6:02  Probe  
  68  6:10  Pylon  
  68  6:12  Pylon  
  68  6:13  Probe  
  68  6:14  Probe x2, Pylon  
  68  6:16  Pylon  
  68  6:17  Pylon  
  71  6:23  Gateway  
  71  6:24  Gateway  
  71  6:25  Probe  
  71  6:26  Probe  
  71  6:28  Gateway  
  73  6:49  Gateway  
  73  6:50  Gateway  
  73  6:51  Gateway  
  73  6:56  Assimilator  
  73  6:57  Assimilator  
  73  7:01  Pylon  
  73  7:04  Pylon  
  73  7:05  Pylon  
  73  7:07  Pylon  
  73  7:09  Pylon  
  73  7:11  Probe x2 (Chrono Boost)  
  73  7:12  Probe (Chrono Boost)  
  76  7:21  Probe x3 (Chrono Boost)  
  79  7:26  Probe x3 (Chrono Boost)  
  82  7:40  Stalker  
  82  7:41  Stalker x4  
  82  7:43  Immortal  
  96  7:55  Robotics Facility  
  96  7:56  Robotics Facility  
  96  7:57  Nexus  
  96  7:58  Assimilator  
  96  7:59  Assimilator  
  96  8:02  Stalker x3  
  102  8:10  Stalker  
  102  8:11  Stalker x4  
  112  8:21  Twilight Council  
  112  8:24  Forge  
  112  8:33  Forge  
  112  8:34  Forge  
  112  8:41  Immortal  
  116  8:43  Stalker x2  
  116  8:44  Stalker x6  
  132  8:49  Immortal  
  132  8:54  Immortal  
  140  9:01  Protoss Ground Weapons Level 1  
  140  9:04  Protoss Shields Level 1  
  140  9:09  Protoss Ground Armor Level 1  
  140  9:37  Blink  
  130  10:02  Probe x4  
  135  10:14  Probe x4  
  138  10:25  Pylon  
  138  10:26  Probe x4, Pylon  
  138  10:28  Pylon  
  142  10:29  Pylon  
  142  10:31  Pylon  
  142  10:32  Pylon  
  142  10:36  Gateway  
  142  10:37  Gateway  
  142  10:38  Probe x4  
  142  10:39  Gateway  
  142  10:41  Gateway  
  146  10:43  Gateway  
  146  10:45  Gateway, Stalker x7  
  146  10:46  Stalker  
  146  10:48  Immortal x2  
  170  10:50  Probe x2  
  172  11:03  Gateway x2  
  172  11:06  Gateway  
  172  11:08  Gateway  
  172  11:10  Gateway  
  172  11:12  Gateway  
  172  11:20  Stalker x3  
  172  11:21  Stalker x5  
  188  11:30  Immortal  
  188  11:31  Immortal  
Show
View Real Time Build Order
Export as new Build Order

A.I. 1 (Hard) Protoss 

Build Orders:  

Get SALT Encoding   

  12  0:00  Probe  
  13  0:13  Probe  
  14  0:20  Pylon  
  14  0:25  Probe  
  15  0:34  Probe  
  15  0:42  Probe  
  16  0:47  Assimilator  
  17  0:50  Gateway  
  17  0:52  Probe  
  18  1:00  Probe  
  18  1:01  Pylon  
  19  1:20  Probe  
  20  1:39  Zealot  
  22  1:41  Cybernetics Core  
  22  1:44  Gateway  
  22  1:46  Assimilator  
  22  2:00  Pylon  
  22  2:08  Adept  
  22  2:17  Warp Gate  
  24  2:31  Zealot  
  26  2:39  Adept  
  26  2:40  Pylon  
  28  2:58  Adept  
  30  2:59  Adept  
  30  3:06  Probe  
  33  3:14  Pylon  
  33  3:18  Probe  
  34  3:28  Stalker  
  34  3:30  Probe, Adept  
  39  3:37  Forge  
  39  3:42  Probe  
  40  3:54  Probe  
  41  3:58  Adept  
  43  4:06  Probe  
  43  4:08  Adept  
  46  4:59  Protoss Ground Weapons Level 1  
  46  5:00  Sentry  
  46  5:02  Gateway  
  48  5:07  Robotics Facility  
  48  5:08  Sentry  
  48  5:13  Pylon  
  50  5:15  Photon Cannon  
  50  5:17  Photon Cannon  
  50  5:22  Stargate  
  50  5:23  Stalker  
  52  5:31  Stalker  
  54  5:37  Forge  
  46  5:45  Adept  
  42  5:54  Zealot  
  41  5:57  Observer  
  41  5:59  Protoss Ground Armor Level 1  
  41  6:03  Adept  
  41  6:11  Zealot  
  41  6:12  Nexus  
  44  6:18  Observer  
  44  6:20  Adept  
  46  6:28  Stalker  
  48  6:37  Adept  
  50  6:45  Adept  
  52  6:54  Adept  
  52  6:55  Twilight Council  
  54  7:22  Probe  
  54  7:23  Probe  
  56  7:30  Probe  
  56  7:31  Probe  
  56  7:35  Assimilator  
  58  7:37  Pylon  
  58  7:39  Probe, Pylon  
  58  7:40  Probe  
  60  7:51  Probe  
  61  7:52  Probe  
  62  8:00  Photon Cannon  
  62  8:03  Probe, Photon Cannon  
  62  8:04  Probe  
  64  8:07  Observer  
  64  8:15  Probe  
  64  8:16  Probe  
  66  8:25  Probe  
  66  8:27  Probe  
  68  8:36  Probe  
  68  8:39  Probe  
  70  8:48  Stalker x2  
  70  8:50  Stalker x2  
  70  8:53  Immortal  
  74  8:56  Gateway  
  74  8:59  Robotics Facility  
  74  9:02  Stargate  
  74  9:16  Zealot  
  76  9:26  Stalker  
  76  9:29  Pylon  
  76  9:33  Assimilator, Observer  
  76  9:37  Zealot  
  60  9:45  Warp Prism  
  54  9:47  Stalker  
  54  9:48  Nexus  
  58  9:53  Warp Prism  
  58  9:57  Sentry  
  62  10:07  Zealot  
  64  10:17  Stalker  
  66  10:22  Observer  
  66  10:27  Stalker  
  69  10:29  Warp Prism  
  71  10:37  Sentry  
  73  10:47  Immortal  
  77  10:55  Pylon  
  77  11:02  Probe  
  77  11:03  Probe  
  79  11:05  Immortal, Probe  
  84  11:11  Robotics Bay  
  84  11:14  Probe  
  85  11:28  Probe  
  85  11:30  Probe x2  
  88  11:39  Probe  
  88  11:40  Probe  
  88  11:42  Probe  
  91  11:52  Probe  
  92  11:54  Probe  
  92  11:55  Probe  
  100  12:04  Probe  
  100  12:07  Stalker  
  81  12:10  Stalker  
  81  12:14  Stalker  
  73  12:18  Stalker  
  77  12:29  Assimilator  
  49  12:30  Assimilator, Stalker  
  49  12:34  Zealot  
  49  12:37  Stalker  
  47  12:45  Stalker  
  42  12:55  Stalker  
  42  12:57  Nexus  
  39  13:05  Assimilator  
  26  13:19  Pylon  
  21  13:32  Probe  
Tags
 
League
Gold
Matchup
PvP
Spawn Locations
Cross Positions
Add a new tag
Caveats
  • Supply blocks, unpowered buildings, or Contaminate may cause inaccurate times.
  • Supply counts are checked every 10 seconds.